 Dungeon Crawl Stone Soup version 0.16-a0-3884-g0a5f664 (webtiles) character file.

242 PolkaDot the Caller (level 5, 0/35 HPs)
             Began as a Vampire Summoner on Feb 2, 2015.
             Was an Initiate of Sif Muna.
             Succumbed to a worker ant's poison
             ... on level 3 of the Dungeon.
             The game lasted 00:09:50 (3168 turns).

PolkaDot the Caller (Vampire Summoner)              Turns: 3168, Time: 00:09:50

Health: 0/35       AC:  3    Str: 12    XL:     5   Next: 82%
Magic:  1/9        EV: 13    Int: 18    God:    Sif Muna [......]
Gold:   86         SH:  0    Dex: 14    Spells: 3 memorised, 2 levels left

rFire  . . .     SeeInvis +     a - +5 dagger (distort)
rCold  . . .     Clarity  .     k - +0 leather armour
rNeg   . . .     SustAb   .     (no shield)
rPois  .         Gourm    .     (no helmet)
rElec  .         Spirit   .     (no cloak)
rCorr  .         Warding  .     (no gloves)
rMut   .         Rnd*Tele +     (no boots)
MR     .....                    (no amulet)
Stlth  ++........               (no ring)
                                (no ring)

@: mighty, lethally poisoned (0 -> -9), regenerating very quickly, not resistant
to hostile enchantments, unstealthy
A: bottle blood, fangs 3, see invisible, teleportitis 1, unbreathing, MP-powered
wands 1
a: Renounce Religion


You were on level 3 of the Dungeon.
You worshipped Sif Muna.
Sif Muna was noncommittal.
You were almost alive.

You visited 1 branch of the dungeon, and saw 3 of its levels.

You collected 86 gold pieces.

Inventory:

Hand weapons
 a - a +5 dagger of distortion (weapon)
Armour
 k - a +0 leather armour (worn)
Scrolls
 e - a scroll of remove curse
Potions
 h - a potion of degeneration {!q}
 i - a potion of flight
 m - 9 potions of blood {@*1}
Books
 b - a book of Callings

   Spells                             Type                      Level
   a - Summon Small Mammal            Summoning                    1
   b - Call Imp                       Summoning                    2
   c - Call Canine Familiar           Summoning                    3
   d - Summon Guardian Golem          Hexes/Summoning              4
   e - Summon Lightning Spire         Summoning/Air                4
   f - Summon Ice Beast               Ice/Summoning                4
 l - a book of Control

   Spells                             Type                      Level
   a - Control Teleport               Charms/Translocation         4
   b - Control Undead                 Necromancy                   4
   c - Enslavement                    Hexes                        4
   d - Metabolic Englaciation         Hexes/Ice                    5
   e - Mass Confusion                 Hexes                        6


   Skills:
 - Level 0.1 Fighting
 + Level 3.0 Short Blades
 + Level 3.5 Dodging
 - Level 3.0 Stealth
 - Level 2.0 Spellcasting
 * Level 5.8 Summonings


You had 2 spell levels left.
You knew the following spells:

 Your Spells              Type           Power        Failure   Level  Hunger
d - Call Canine Familiar  Summ           ###.....     10%         3    ###....
s - Call Imp              Summ           ###.....     3%          2    ###....
z - Summon Small Mammal   Summ           ###.         2%          1    #......


Dungeon Overview and Level Annotations

Branches:
Dungeon (3/15)

Altars:
Fedhas
Sif Muna

Annotations:
Abyss:1 Robin


Innate Abilities, Weirdness & Mutations

Your natural rate of healing is extremely fast.
You can bottle blood from corpses.
You have razor-sharp teeth.
You have supernaturally acute eyesight.
You can survive without breathing.
Space occasionally distorts in your vicinity.
You expend magic power (3 MP) to slightly strengthen your wands.


Message History

The worker ant bites your hound.
Your hound is poisoned.
The worker ant poisons your hound!
Your hound barely misses the worker ant.
* * * LOW HITPOINT WARNING * * *
You feel sick. The worker ant bites your hound.
Your hound looks even sicker.
The worker ant poisons your hound!
Your hound barely misses the worker ant.
Your crimson imp closely misses the worker ant.
Your crimson imp blinks!
The worker ant barely misses your hound.
Your hound misses the worker ant.
Read which item? (? for menu, Esc to quit)
Okay, then.
* * * LOW HITPOINT WARNING * * *
You feel sick.
Your crimson imp blinks!
Your hound bites the worker ant.
The worker ant bites your hound.
You die...

#####..#.........# .#
##.#.......5.# #
#.#.h.......#
#...........#
#............##...
#............##.#####..
#.....$......#.a$......#
#............#h5#
#............#.@#
............#..#
#.##.#### #######+##
#..# #........ ######
#..# .....#### ....)#
#..# . # .....# ...#..#
# .....# #..#..# #
.....# #..#..# #######
..#### #..#..# #......


You could see a worker ant, a friendly hound, a friendly crimson imp and a
friendly shadow imp.

Vanquished Creatures
  3 gnolls (D:2)
  An adder (D:2)
  2 worms
  An orc (D:3)
  4 bats
  2 giant cockroaches (D:1)
  8 hobgoblins
  A ball python (D:3)
  2 giant newts
  20 goblins
  11 jackals
  9 kobolds
  A quokka (D:3)
  3 rats
68 creatures vanquished.

Vanquished Creatures (collateral kills)
  The ghost of wojtek the Slicer, an average KoAs (D:3)
  A gnoll (D:2)
  A ball python (D:1)
  A goblin (D:1)
  2 hobgoblins (D:2)
  3 kobolds
  2 jackals (D:1)
11 creatures vanquished.

Vanquished Creatures (others)
  A jackal (D:3)
  A quokka (D:1)
  A bat (D:1)
3 creatures vanquished.

Grand Total: 82 creatures vanquished

Notes
Turn   | Place    | Note
--------------------------------------------------------------
     0 | D:1      | PolkaDot, the Vampire Summoner, began the quest for the Orb.
     0 | D:1      | Reached XP level 1. HP: 13/13 MP: 3/3
   306 | D:1      | Reached XP level 2. HP: 19/19 MP: 4/4
   843 | D:1      | Reached skill level 1 in Short Blades
  1225 | D:1      | Learned a level 2 spell: Call Imp
  1341 | D:2      | Reached XP level 3. HP: 24/24 MP: 6/6
  1377 | D:2      | Gained mutation: You expend magic power (3 MP) to slightly strengthen your wands. [potion of mutation]
  1377 | D:2      | Gained mutation: Space occasionally distorts in your vicinity. [potion of mutation]
  1491 | D:2      | Found a blossoming altar of Fedhas.
  1821 | D:2      | Reached skill level 5 in Summonings
  1821 | D:2      | Reached XP level 4. HP: 25/30 MP: 7/7
  1826 | D:2      | Learned a level 3 spell: Call Canine Familiar
  2381 | D:3      | Found a deep blue altar of Sif Muna.
  2389 | D:3      | Became a worshipper of Sif Muna the Loreminder
  2522 | D:3      | Noticed wojtek's ghost (average KoAs)
  2606 | D:3      | Killed wojtek's ghost
  2606 | D:3      | Reached XP level 5. HP: 33/35 MP: 2/9
  2890 | D:3      | Noticed Robin
  2915 | D:3      | Banished Robin
  3167 | D:3      | HP: 1/35 [poisoned by a worker ant]
  3168 | D:3      | Succumbed to a worker ant's poison

Action                   |  1- 3 |  4- 6 || total
-------------------------+-------+-------++-------
Melee: Dagger            |   135 |    85 ||   220
       Unarmed           |    10 |       ||    10
 Cast: Summon Small Mamm |     9 |       ||     9
       Call Imp          |     8 |     6 ||    14
       Call Canine Famil |       |     3 ||     3
  Use: Potion            |     4 |     8 ||    12
       Scroll            |       |    11 ||    11
 Stab: Sleeping          |     3 |     3 ||     6
  Eat: Corpse            |    13 |     7 ||    20
